[Event "10th Beirut Open-ch 2019"]
[Site "Beirut"]
[Date "2019.04.26"]
[Round "2.12"]
[White "Moughames, Ronald"]
[Black "Eid, Fadi"]
[Result "0-1"]
[ECO "B00"]
[WhiteElo "1721"]
[BlackElo "2331"]
[PlyCount "76"]
[EventDate "2019.04.25"]
[EventType "swiss"]
[EventRounds "9"]
[EventCountry "LBN"]
[TimeControl "5400+30"]

1. e4 Nc6 2. Nf3 d6 3. Bb5 a6 4. Ba4 b5 5. Bb3 Na5 6. d4 Nxb3 7. axb3 Nf6 8. Qd3 Bb7 9. d5 e5 10. O-O Be7 11. c4 O-O 12. Be3 c5 13. b4 cxb4 14. cxb5 axb5 15. Nbd2 Qd7 16. Nb3 Ra4 17. Rfc1 Bd8 18. h3 Nxe4 19. Qxe4 f5 20. Qd3 e4 21. Qd1 exf3 22. Qxf3 f4 23. Ba7 Ba8 24. Bd4 Qf5 25. g4 Qf7 26. Nd2 Bxd5 27. Qd3 Bc4 28. Qe4 Bd5 29. Qd3 Qb7 30. f3 Re8 31. Rxa4 bxa4 32. Nc4 Qb5 33. Ne5 Qxd3 34. Nxd3 Bxf3 35. Rc8 Kf7 36. Kf2 Bh4+ 37. Kxf3 Rxc8 38. Nxf4 Bf6 0-1

[Event "10th Beirut Open-ch 2019"]
[Site "Beirut"]
[Date "2019.04.26"]
[Round "2.13"]
[White "Habash, Mohamad"]
[Black "Sursock, Sameer"]
[Result "0-1"]
[ECO "A48"]
[WhiteElo "1806"]
[BlackElo "2048"]
[PlyCount "74"]
[EventDate "2019.04.25"]
[EventType "swiss"]
[EventRounds "9"]
[EventCountry "LBN"]
[TimeControl "5400+30"]

1. d4 Nf6 2. Nf3 g6 3. Bf4 Bg7 4. c3 O-O 5. h3 b6 6. e3 Bb7 7. Be2 d6 8. O-O Nbd7 9. Bh2 c5 10. a4 a6 11. Nbd2 Qc7 12. Qb3 Rab8 13. Rfd1 Rfe8 14. Ng5 Bd5 15. c4 Ba8 16. d5 h6 17. Nge4 b5 18. Nxf6+ Nxf6 19. axb5 axb5 20. cxb5 Bxd5 21. Bc4 Bxc4 22. Nxc4 Nd7 23. Nxd6 exd6 24. Bxd6 Qb7 25. Bxb8 Rxb8 26. Rd6 Ne5 27. b6 c4 28. Qb5 Qe4 29. Rc1 Qf5 30. Rd5 Qe6 31. b7 Qe7 32. Qa5 Rxb7 33. Rb5 Rd7 34. Kh1 Nd3 35. Rc2 Qe4 36. Qd2 Nf4 37. exf4 Rxd2 0-1

[Event "10th Beirut Open-ch 2019"]
[Site "Beirut"]
[Date "2019.04.26"]
[Round "2.14"]
[White "Hariri, Nizar"]
[Black "Kabalan, Farah"]
[Result "1/2-1/2"]
[ECO "D02"]
[WhiteElo "1958"]
[BlackElo "1602"]
[PlyCount "61"]
[EventDate "2019.04.25"]
[EventType "swiss"]
[EventRounds "9"]
[EventCountry "LBN"]
[TimeControl "5400+30"]

1. d4 d5 2. Nf3 Nf6 3. Bf4 e6 4. Nbd2 Bd6 5. Bg3 O-O 6. e3 Nbd7 7. Bd3 Nb6 8. O-O a6 9. Qe2 Bd7 10. e4 Bxg3 11. hxg3 dxe4 12. Nxe4 Nxe4 13. Qxe4 g6 14. c4 Bc6 15. Qe3 Bxf3 16. gxf3 Qf6 17. Rad1 Rad8 18. Be2 Rd7 19. Rd2 Rfd8 20. Rfd1 Nc8 21. b3 c6 22. Kg2 Ne7 23. g4 Nc8 24. Qe4 Nd6 25. Qe5 Ne8 26. Qe4 Nd6 27. Qe5 Ne8 28. Qe3 Qe7 29. Qe5 Qf6 30. Qe4 Nd6 31. Qe5 1/2-1/2

[Event "10th Beirut Open-ch 2019"]
[Site "Beirut"]
[Date "2019.04.26"]
[Round "2.15"]
[White "Khechen, Nabil E"]
[Black "Salameh, Sleiman"]
[Result "1-0"]
[ECO "B40"]
[WhiteElo "1933"]
[BlackElo "1621"]
[PlyCount "81"]
[EventDate "2019.04.25"]
[EventType "swiss"]
[EventRounds "9"]
[EventCountry "LBN"]
[TimeControl "5400+30"]

1. e4 e6 2. c4 c5 3. Nf3 Nc6 4. Nc3 Be7 5. d4 cxd4 6. Nxd4 Bc5 7. Nb3 Bb4 8. Bd2 a6 9. a3 Be7 10. Be3 Bf6 11. Rc1 Qc7 12. Qd2 Nge7 13. f4 Ng6 14. e5 Be7 15. c5 O-O 16. Ne4 Nh4 17. Bf2 Nxe5 18. fxe5 Qxe5 19. Qd4 Qf4 20. Bg3 Qh6 21. Nd6 Bf6 22. Qf2 Nf5 23. Nxf5 exf5 24. Bf4 g5 25. Bd6 Re8+ 26. Kd1 b6 27. cxb6 Bxb2 28. Bc7 Bxc1 29. Nxc1 Bb7 30. Bd3 f4 31. Nb3 Re3 32. Bc2 Rae8 33. Nd4 Qf6 34. Qd2 Bxg2 35. Rg1 Bf3+ 36. Kc1 Qe7 37. Qb4 Re1+ 38. Rxe1 Qxe1+ 39. Qxe1 Rxe1+ 40. Kd2 Re8 41. Nxf3 1-0

[Event "10th Beirut Open-ch 2019"]
[Site "Beirut"]
[Date "2019.04.26"]
[Round "2.16"]
[White "Hasan Ali Prince"]
[Black "Eiti, Bashir"]
[Result "0-1"]
[ECO "C41"]
[WhiteElo "1854"]
[BlackElo "2352"]
[PlyCount "100"]
[EventDate "2019.04.25"]
[EventType "swiss"]
[EventRounds "9"]
[EventCountry "LBN"]
[TimeControl "5400+30"]

1. e4 d6 2. d4 Nf6 3. Nc3 Nbd7 4. Bc4 e5 5. Nf3 Be7 6. O-O O-O 7. h3 c6 8. a4 b6 9. dxe5 dxe5 10. Bg5 Nh5 11. Be3 Nf4 12. Kh2 Qc7 13. g3 Ne6 14. Qe2 a5 15. Rfd1 Ndc5 16. h4 h6 17. Rg1 Bd7 18. Rad1 Rad8 19. Kh1 Bc8 20. Rxd8 Rxd8 21. Rd1 Bf6 22. Bxc5 Nxc5 23. Rxd8+ Qxd8 24. Qd2 Qe7 25. Ne1 Ne6 26. Nf3 Nd4 27. Qd3 Qb4 28. Nxd4 exd4 29. Nd1 Bg4 30. f3 Bxf3+ 31. Qxf3 Qxc4 32. Qf5 Qxc2 33. Qc8+ Kh7 34. Qf5+ g6 35. Qxf6 Qxd1+ 36. Kh2 Qc2+ 37. Kg1 Qb1+ 38. Kh2 Qxb2+ 39. Kg1 Qc1+ 40. Kg2 Qc2+ 41. Kg1 Qc4 42. h5 gxh5 43. Qf5+ Kg8 44. Qxh5 Qe6 45. Qe2 c5 46. Qa6 c4 47. Qa8+ Kg7 48. Qd8 Qf6 49. Qd5 d3 50. Qxc4 d2 0-1

[Event "10th Beirut Open-ch 2019"]
[Site "Beirut"]
[Date "2019.04.26"]
[Round "2.17"]
[White "EL Mahmoud, AbdulAziz"]
[Black "Al Onizan, Fahad M"]
[Result "1-0"]
[ECO "E01"]
[WhiteElo "2108"]
[BlackElo "1822"]
[PlyCount "111"]
[EventDate "2019.04.25"]
[EventType "swiss"]
[EventRounds "9"]
[EventCountry "LBN"]
[TimeControl "5400+30"]

1. d4 Nf6 2. g3 e6 3. Bg2 d5 4. Nf3 Bd6 5. O-O O-O 6. b3 Nbd7 7. c4 c6 8. Nc3 h6 9. Qc2 b6 10. Rd1 Bb7 11. Bb2 Qe7 12. e4 Nxe4 13. Nxe4 dxe4 14. Qxe4 Nf6 15. Qe2 Rfd8 16. Ne5 Rac8 17. Rac1 Ba3 18. Rc2 Bxb2 19. Rxb2 c5 20. Rbd2 Bxg2 21. Kxg2 Rxd4 22. Rxd4 cxd4 23. Rxd4 Qc5 24. Qe3 Qc7 25. Ng4 Qc6+ 26. Qf3 Qxf3+ 27. Kxf3 Nxg4 28. Kxg4 Rc5 29. Rd7 Ra5 30. a4 g6 31. Kf4 Kg7 32. Ke4 Kf6 33. Kd4 e5+ 34. Kc3 Ke6 35. Rc7 f5 36. Rc6+ Kf7 37. Kb4 h5 38. c5 Rxc5 39. Rxc5 bxc5+ 40. Kxc5 g5 41. b4 g4 42. Kd5 Kf6 43. b5 f4 44. Ke4 fxg3 45. fxg3 Ke6 46. a5 Kd6 47. b6 axb6 48. axb6 Kc6 49. Kxe5 Kxb6 50. Kf5 Kc5 51. Kg5 Kd4 52. Kxh5 Ke5 53. Kxg4 Kf6 54. Kh5 Kg7 55. Kg5 Kh7 56. Kf6 1-0

[Event "10th Beirut Open-ch 2019"]
[Site "Beirut"]
[Date "2019.04.26"]
[Round "2.18"]
[White "Sharbel, Marwan"]
[Black "Slim, Nadim"]
[Result "0-1"]
[ECO "D03"]
[WhiteElo "1973"]
[BlackElo "1781"]
[PlyCount "140"]
[EventDate "2019.04.25"]
[EventType "swiss"]
[EventRounds "9"]
[EventCountry "LBN"]
[TimeControl "5400+30"]

1. d4 Nf6 2. Nf3 e6 3. Bg5 Be7 4. Nbd2 d5 5. e3 h6 6. Bxf6 Bxf6 7. Bd3 c5 8. c3 cxd4 9. cxd4 Nc6 10. O-O Bd7 11. Rc1 O-O 12. Nb3 b6 13. Bb1 Rc8 14. h3 g6 15. Ne1 Bg7 16. Nd3 Qe7 17. Nf4 a5 18. Nd2 Qb4 19. Nd3 Qd6 20. Nf3 Ne7 21. Qb3 Rxc1 22. Rxc1 Rc8 23. Rxc8+ Bxc8 24. Nde5 Ba6 25. Qa4 Qd8 26. Bd3 Bxe5 27. Nxe5 Bxd3 28. Nxd3 f6 29. Qd1 Kf7 30. Qf3 Nc6 31. Nf4 Qd6 32. Qg4 Ne7 33. Nd3 Nc6 34. Nf4 Ne7 35. h4 e5 36. Nd3 Qe6 37. Qd1 exd4 38. exd4 Qe4 39. Ne1 Qxh4 40. Nf3 Qe4 41. Qb3 Qe6 42. Qc3 g5 43. Nh2 h5 44. Nf1 h4 45. Qf3 Kg6 46. Qd3+ f5 47. Qb5 g4 48. Ne3 f4 49. Qe8+ Kg5 50. Nf1 g3 51. fxg3 hxg3 52. Qh8 Ng6 53. Qd8+ Kg4 54. Qc7 Kh5 55. Qh7+ Kg5 56. Qc7 Qe1 57. Qc2 Nh4 58. Qd2 Qxd2 59. Nxd2 Nf5 60. Nf3+ Kf6 61. Kf1 Ne3+ 62. Ke2 Nxg2 63. Ne5 Nh4 64. Nd7+ Kf5 65. Nxb6 Ke4 66. Na4 f3+ 67. Kf1 Kxd4 68. Nc3 Nf5 69. Ke1 Ne3 70. Nd1 Nxd1 0-1

[Event "10th Beirut Open-ch 2019"]
[Site "Beirut"]
[Date "2019.04.26"]
[Round "2.20"]
[White "Nassar, Marc"]
[Black "Al Azmi, Khalaf"]
[Result "1-0"]
[ECO "C32"]
[WhiteElo "1909"]
[BlackElo "1740"]
[PlyCount "95"]
[EventDate "2019.04.25"]
[EventType "swiss"]
[EventRounds "9"]
[EventCountry "LBN"]
[TimeControl "5400+30"]

1. e4 e5 2. f4 d5 3. exd5 e4 4. d3 Nf6 5. dxe4 Nxe4 6. Nf3 Bc5 7. Qe2 Bf2+ 8. Kd1 Qxd5+ 9. Nfd2 f5 10. Nc3 Qd4 11. Nb5 Qd7 12. Nc3 Qd4 13. Ncxe4 fxe4 14. c3 Qe3 15. Qh5+ Kf8 16. Nf3 Qb6 17. Ng5 Qg6 18. Qxg6 hxg6 19. Nxe4 Bb6 20. Bd3 Bf5 21. b3 Nc6 22. Ba3+ Kg8 23. Bc4+ Kh7 24. Ng5+ Kh6 25. Nf7+ Kh7 26. Nxh8 Rd8+ 27. Ke1 Kxh8 28. Rd1 Re8+ 29. Kf1 Bc2 30. Re1 Rd8 31. Bc1 Rf8 32. Be3 Na5 33. Bd5 Bd3+ 34. Kg1 c5 35. b4 Nc4 36. Bxc5 Bxc5+ 37. bxc5 Na5 38. Re3 Bf5 39. Kf2 g5 40. g3 Rc8 41. Re5 Rf8 42. Rhe1 gxf4 43. Re8 fxg3+ 44. Kxg3 Rxe8 45. Rxe8+ Kh7 46. Re7 Bc8 47. Kf4 Kh6 48. Ke5 1-0

[Event "10th Beirut Open-ch 2019"]
[Site "Beirut"]
[Date "2019.04.26"]
[Round "2.21"]
[White "Arkadan, Adib"]
[Black "Muhssen, Fared Saleh"]
[Result "1-0"]
[ECO "D35"]
[WhiteElo "1686"]
[BlackElo "1898"]
[PlyCount "95"]
[EventDate "2019.04.25"]
[EventType "swiss"]
[EventRounds "9"]
[EventCountry "LBN"]
[TimeControl "5400+30"]

1. d4 d5 2. c4 e6 3. Nc3 Nf6 4. cxd5 exd5 5. Bg5 Be7 6. e3 O-O 7. Bd3 h6 8. Bh4 c5 9. Nf3 Be6 10. O-O c4 11. Bc2 Nbd7 12. h3 a6 13. a4 Re8 14. Re1 Qc7 15. Bg3 Bd6 16. Bxd6 Qxd6 17. e4 Nxe4 18. Nxe4 dxe4 19. Bxe4 Nf6 20. Bc2 Rad8 21. Qd2 b6 22. Rad1 b5 23. axb5 axb5 24. Ne5 Bd5 25. Re3 Nd7 26. Nxd7 Qxd7 27. Qb4 Qc6 28. Qc5 Bxg2 29. Qf5 g6 30. Qf4 Rxe3 31. fxe3 Bxh3 32. Rd2 Kg7 33. Rf2 Rf8 34. Qe5+ f6 35. Qg3 f5 36. Qxh3 Qe6 37. Qg3 Kh7 38. Qf4 Re8 39. Rf3 b4 40. Rh3 Kg8 41. Qxh6 Kf7 42. Qf4 Rg8 43. Rh7+ Rg7 44. Qc7+ Ke8 45. Rxg7 Qxe3+ 46. Kg2 Qe2+ 47. Kg3 Qe1+ 48. Kf4 1-0

[Event "10th Beirut Open-ch 2019"]
[Site "Beirut"]
[Date "2019.04.26"]
[Round "2.22"]
[White "Hassweh, Mwaffaq"]
[Black "Haidar, Wassim"]
[Result "1-0"]
[ECO "B50"]
[WhiteElo "1866"]
[BlackElo "1707"]
[PlyCount "73"]
[EventDate "2019.04.25"]
[EventType "swiss"]
[EventRounds "9"]
[EventCountry "LBN"]
[TimeControl "5400+30"]

1. e4 c5 2. Nf3 a6 3. Nc3 d6 4. Bc4 e6 5. a4 Qc7 6. O-O Nf6 7. Re1 Nc6 8. d4 cxd4 9. Nxd4 Be7 10. Nxc6 Qxc6 11. Bb3 O-O 12. Bg5 Re8 13. Qd2 b6 14. Rad1 Rd8 15. Bxf6 Bxf6 16. Nd5 Kf8 17. Nxf6 gxf6 18. Qh6+ Ke7 19. Bd5 Qxc2 20. Bxa8 Bd7 21. Bd5 Qxa4 22. Qe3 Qb5 23. Qb3 exd5 24. exd5+ Kf8 25. Qe3 Re8 26. Qh6+ Kg8 27. Qxf6 Qb4 28. Re7 Rxe7 29. Qxe7 Bf5 30. Qg5+ Bg6 31. h4 h5 32. Qf6 Kh7 33. Rc1 Qg4 34. Rc7 Qd1+ 35. Kh2 Qxd5 36. f4 Qf5 37. Rxf7+ 1-0

[Event "10th Beirut Open-ch 2019"]
[Site "Beirut"]
[Date "2019.04.26"]
[Round "2.23"]
[White "Ghnatios, Ralph"]
[Black "Jabr, Bernard"]
[Result "1-0"]
[ECO "B01"]
[WhiteElo "1838"]
[BlackElo "1679"]
[PlyCount "61"]
[EventDate "2019.04.25"]
[EventType "swiss"]
[EventRounds "9"]
[EventCountry "LBN"]
[TimeControl "5400+30"]

1. e4 d5 2. exd5 Nf6 3. d4 Bg4 4. Be2 Bxe2 5. Nxe2 Qxd5 6. O-O Nc6 7. Na3 O-O-O 8. c4 Qh5 9. Be3 e6 10. Nf4 Qxd1 11. Rfxd1 g5 12. Nd3 h6 13. Nc2 Bg7 14. b4 Ng4 15. Nc5 b6 16. Nb3 Rd7 17. a4 Rhd8 18. a5 Kb7 19. b5 Nb8 20. c5 c6 21. cxb6 Nxe3 22. Nc5+ Kc8 23. fxe3 Re7 24. bxa7 Rxa7 25. b6 Re7 26. a6 Nd7 27. b7+ Kc7 28. a7 Nxc5 29. a8=Q Nxb7 30. Qa6 e5 31. Rab1 1-0

[Event "10th Beirut Open-ch 2019"]
[Site "Beirut"]
[Date "2019.04.26"]
[Round "2.24"]
[White "Tarraf, Tarraf"]
[Black "Djikerian, Rafi"]
[Result "0-1"]
[ECO "A22"]
[WhiteElo "1647"]
[BlackElo "1833"]
[PlyCount "128"]
[EventDate "2019.04.25"]
[EventType "swiss"]
[EventRounds "9"]
[EventCountry "LBN"]
[TimeControl "5400+30"]

1. c4 e5 2. Nc3 Bb4 3. g3 Nf6 4. Bg2 O-O 5. e3 c6 6. Nge2 d5 7. cxd5 cxd5 8. Qb3 Bxc3 9. bxc3 Nc6 10. d4 Re8 11. O-O b6 12. dxe5 Rxe5 13. Nd4 Na5 14. Qa4 Bd7 15. Qd1 Rc8 16. a4 Rxc3 17. Nb5 Bxb5 18. axb5 Rc5 19. Bb2 Re6 20. Qd3 Qe8 21. Bd4 Qxb5 22. Qxb5 Rxb5 23. Bh3 Re7 24. Rac1 Nc4 25. Bg2 Ne4 26. Rfd1 f6 27. Ba1 Ncd2 28. f3 Nb3 29. Rc8+ Kf7 30. fxe4 Nxa1 31. Rxa1 dxe4 32. Rc4 f5 33. Rca4 a5 34. Rc4 Rb3 35. Rc6 Rd7 36. Bf1 Rb2 37. Bc4+ Ke7 38. Re6+ Kd8 39. h4 Rdd2 40. Bf1 g6 41. Re5 Rd6 42. Rb5 Rc2 43. Rab1 Kc7 44. R5b2 Rc3 45. Rb3 Rc2 46. Ra1 Kc6 47. Rbb1 Kd7 48. Rc1 Rcd2 49. Bb5+ Ke6 50. Rc6 Rb2 51. Bc4+ Ke5 52. Rxd6 Kxd6 53. Bg8 h6 54. Bh7 Re2 55. Ra3 a4 56. Bxg6 b5 57. Kf1 Rb2 58. Bxf5 Ke5 59. Bd7 Rb3 60. Ra2 a3 61. Ke1 b4 62. Rc2 Rxe3+ 63. Kf2 Rf3+ 64. Kg2 b3 0-1

[Event "10th Beirut Open-ch 2019"]
[Site "Beirut"]
[Date "2019.04.26"]
[Round "2.25"]
[White "Attieh, Wael"]
[Black "Eid, Wissam"]
[Result "1-0"]
[ECO "B23"]
[WhiteElo "1823"]
[BlackElo "1568"]
[PlyCount "93"]
[EventDate "2019.04.25"]
[EventType "swiss"]
[EventRounds "9"]
[EventCountry "LBN"]
[TimeControl "5400+30"]

1. e4 c5 2. Nc3 d6 3. g3 Nf6 4. d3 h6 5. Bg2 Nc6 6. f4 Bg4 7. Bf3 Bxf3 8. Nxf3 e6 9. O-O Be7 10. h3 d5 11. e5 Nd7 12. Kh2 g5 13. Ne2 Qc7 14. d4 f5 15. exf6 Nxf6 16. fxg5 hxg5 17. Nxg5 Qd7 18. dxc5 e5 19. Ng1 Nd4 20. c3 Nf5 21. Qe2 Nh6 22. Kg2 e4 23. Bf4 O-O-O 24. Rad1 Rdg8 25. c4 Nhg4 26. hxg4 Nxg4 27. N5h3 Nf6 28. cxd5 Bxc5 29. Qc4 b6 30. b4 Qg4 31. bxc5 b5 32. Qxb5 Nh5 33. Qb8+ Kd7 34. c6+ Ke7 35. Qd6+ Ke8 36. Qe6+ Qxe6 37. dxe6 Ke7 38. Rd7+ Kxe6 39. Rxa7 Kd5 40. c7 Rc8 41. Rb7 Rhg8 42. Rb8 Nf6 43. Rxc8 Rxc8 44. Rd1+ Kc6 45. Rd8 Kb7 46. Rxc8 Kxc8 47. Ng5 1-0

[Event "10th Beirut Open-ch 2019"]
[Site "Beirut"]
[Date "2019.04.27"]
[Round "3.6"]
[White "Eid, Fadi"]
[Black "Najjar, Ahmad"]
[Result "1-0"]
[ECO "B23"]
[WhiteElo "2331"]
[BlackElo "2233"]
[Annotator "NA"]
[PlyCount "27"]
[EventDate "2019.04.25"]
[EventType "swiss"]
[EventRounds "9"]
[EventCountry "LBN"]
[SourceTitle "playchess.com"]
[Source "ChessBase"]
[SourceQuality "1"]
[TimeControl "5400+30"]

1. e4 c5 2. Nc3 g6 3. d4 Bg7 4. dxc5 Qa5 5. Bd2 Qxc5 6. Nd5 a6 7. Nf3 Qc6 8. Bd3 e6 9. Qe2 Nf6 10. Bc3 Nxd5 11. Bxg7 Nf4 12. Qd2 Rg8 13. Qxf4 Rxg7 14. Qf6 1-0

[Event "10th Beirut Open-ch 2019"]
[Site "Beirut"]
[Date "2019.04.27"]
[Round "3.7"]
[White "Sursock, Sameer"]
[Black "Khechen, Nabil E"]
[Result "1/2-1/2"]
[ECO "A10"]
[WhiteElo "2048"]
[BlackElo "1933"]
[Annotator "NA RC"]
[PlyCount "23"]
[EventDate "2019.04.25"]
[EventType "swiss"]
[EventRounds "9"]
[EventCountry "LBN"]
[SourceTitle "playchess.com"]
[Source "ChessBase"]
[SourceQuality "1"]
[TimeControl "5400+30"]

1. c4 f5 2. g3 e5 3. Bg2 Nf6 4. Nc3 d6 5. d3 Be7 6. e3 O-O 7. Nge2 c6 8. d4 e4 9. d5 Nbd7 10. Nd4 Ne5 11. Qb3 c5 12. Nc2 1/2-1/2

[Event "10th Beirut Open-ch 2019"]
[Site "Beirut"]
[Date "2019.04.27"]
[Round "3.8"]
[White "Eiti, Bashir"]
[Black "Ghnatios, Ralph"]
[Result "1/2-1/2"]
[ECO "B22"]
[WhiteElo "2352"]
[BlackElo "1838"]
[PlyCount "184"]
[EventDate "2019.04.25"]
[EventType "swiss"]
[EventRounds "9"]
[EventCountry "LBN"]
[TimeControl "5400+30"]

1. e4 c5 2. c3 d5 3. exd5 Qxd5 4. Nf3 Nc6 5. d4 Bf5 6. Be3 cxd4 7. cxd4 Nf6 8. Nc3 Qa5 9. Qb3 O-O-O 10. Be2 e6 11. O-O Qb4 12. Ne5 Nxe5 13. dxe5 Nd7 14. Bxa7 Nxe5 15. Rfc1 Nc6 16. Bf3 Rd2 17. Nb5 Rxb2 18. Qxb4 Bxb4 19. Bxc6 bxc6 20. Rxc6+ Kb7 21. Rc7+ Ka6 22. Bd4 Rc2 23. a3 Rxc7 24. Nxc7+ Kb7 25. axb4 Kxc7 26. Bxg7 Rd8 27. f3 Kb6 28. Bc3 Bc2 29. Kf2 Rd1 30. Ra5 Rd5 31. Ra2 Bg6 32. Ra8 Rd7 33. Rb8+ Rb7 34. Rd8 Kb5 35. Rc8 Rd7 36. Rc5+ Kb6 37. Ke2 Rc7 38. Rxc7 Kxc7 39. Bf6 Kc6 40. Ke3 Kd5 41. Kf4 Bd3 42. h4 Bf1 43. g3 Be2 44. Ke3 Bc4 45. Kf4 Be2 46. h5 Kc4 47. Be7 Kd5 48. Ke3 Bc4 49. Kf4 Be2 50. Bf8 e5+ 51. Ke3 Bc4 52. f4 exf4+ 53. Kxf4 Ke6 54. Ke4 Be2 55. h6 Bh5 56. b5 Kd7 57. Kd5 Kc7 58. Kc5 Kb7 59. Bd6 Bg6 60. Be5 Bd3 61. Bd4 Bg6 62. Kd5 Bd3 63. Kc5 Bg6 64. g4 Bd3 65. g5 Bg6 66. Be3 Bd3 67. Kd4 Bg6 68. Kd5 Bd3 69. Ke5 Bg6 70. Kf6 Kc8 71. Ke7 Kb7 72. Kd6 Bd3 73. Kd5 Bxb5 74. g6 fxg6 75. Bg5 Kc7 76. Ke6 Bc4+ 77. Ke7 Kc8 78. Ke8 Bd3 79. Ke7 Be4 80. Kd6 Bd3 81. Ke6 Bc2 82. Kd6 Bd3 83. Ke7 Bc2 84. Ke6 Bd3 85. Ke7 Bc2 86. Ke8 Bd3 87. Kf7 Kd7 88. Kf8 Bc2 89. Kf7 Bd3 90. Kg7 Ke8 91. Kg8 Bc2 92. Kg7 Bd3 1/2-1/2

[Event "10th Beirut Open-ch 2019"]
[Site "Beirut"]
[Date "2019.04.27"]
[Round "3.9"]
[White "Dimitrijevic, Aleksandra"]
[Black "Attieh, Wael"]
[Result "1-0"]
[ECO "E07"]
[WhiteElo "2175"]
[BlackElo "1823"]
[PlyCount "71"]
[EventDate "2019.04.25"]
[EventType "swiss"]
[EventRounds "9"]
[EventCountry "LBN"]
[TimeControl "5400+30"]

1. d4 d5 2. c4 e6 3. Nf3 Nf6 4. g3 Be7 5. Bg2 O-O 6. O-O Nbd7 7. Ne5 c6 8. Nc3 h6 9. e4 dxe4 10. Nxe4 Nxe4 11. Bxe4 Nxe5 12. dxe5 Qxd1 13. Rxd1 Rd8 14. Rxd8+ Bxd8 15. Be3 Kf8 16. Rd1 Ke8 17. b4 a6 18. h4 Bc7 19. f4 Bd7 20. g4 Rd8 21. h5 Bc8 22. Rb1 Bd7 23. a4 Ra8 24. Kf2 Rb8 25. a5 Rd8 26. Kf3 Rb8 27. Ke2 Ke7 28. Ba7 Rd8 29. Bc5+ Ke8 30. Kf3 Rb8 31. Ba7 Rd8 32. Rg1 Ra8 33. Bc5 Bd8 34. g5 f5 35. exf6 gxf6 36. Bg6# 1-0

[Event "10th Beirut Open-ch 2019"]
[Site "Beirut"]
[Date "2019.04.27"]
[Round "3.10"]
[White "Djikerian, Rafi"]
[Black "EL Mahmoud, AbdulAziz"]
[Result "0-1"]
[ECO "B07"]
[WhiteElo "1833"]
[BlackElo "2108"]
[PlyCount "70"]
[EventDate "2019.04.25"]
[EventType "swiss"]
[EventRounds "9"]
[EventCountry "LBN"]
[TimeControl "5400+30"]

1. e4 g6 2. f4 Bg7 3. Nf3 d6 4. c3 a6 5. Bc4 b5 6. Bb3 c5 7. d3 Nc6 8. O-O Nf6 9. e5 dxe5 10. Nxe5 Nxe5 11. fxe5 Nd5 12. Qf3 Be6 13. Be3 Rc8 14. d4 c4 15. Bc2 Nxe3 16. Qxe3 O-O 17. Nd2 Qb6 18. Rae1 a5 19. a3 b4 20. axb4 axb4 21. Be4 Rcd8 22. Nf3 Bd5 23. Bxd5 Rxd5 24. Nd2 Qc7 25. Qf3 Ra5 26. cxb4 Rb5 27. Qc3 Qb7 28. b3 cxb3 29. Nxb3 Rxb4 30. Nc5 Qb5 31. Rd1 Bxe5 32. Nd7 Rc4 33. Qe3 Bxh2+ 34. Kxh2 Qxd7 35. d5 Qd6+ 0-1

[Event "10th Beirut Open-ch 2019"]
[Site "Beirut"]
[Date "2019.04.27"]
[Round "3.11"]
[White "Slim, Nadim"]
[Black "Moudallal, Tarek"]
[Result "0-1"]
[ECO "B01"]
[WhiteElo "1781"]
[BlackElo "2043"]
[PlyCount "70"]
[EventDate "2019.04.25"]
[EventType "swiss"]
[EventRounds "9"]
[EventCountry "LBN"]
[TimeControl "5400+30"]

1. e4 d5 2. exd5 Nf6 3. d4 Nxd5 4. c4 Nb6 5. Nf3 Bg4 6. Nc3 Nc6 7. Be3 e6 8. Be2 Be7 9. c5 Nd5 10. O-O O-O 11. h3 Bh5 12. Nd2 Bxe2 13. Qxe2 f5 14. Nf3 Bf6 15. Rad1 h6 16. Ne5 Nxc3 17. bxc3 Bxe5 18. dxe5 Qe7 19. Bd4 f4 20. Qg4 Rf5 21. Rde1 Rd8 22. Re4 Qf7 23. Kh2 h5 24. Qf3 g5 25. g4 hxg4 26. hxg4 Qh7+ 27. Kg2 Rf7 28. Rh1 Qg6 29. Ree1 Rdd7 30. Rh5 Rh7 31. Qh3 Nxd4 32. cxd4 Rxd4 33. Rxh7 Qxh7 34. Qb3 Rd5 35. Qxb7 f3+ 0-1

[Event "10th Beirut Open-ch 2019"]
[Site "Beirut"]
[Date "2019.04.27"]
[Round "3.12"]
[White "Novikova, Margarita"]
[Black "Bedrosian, Danielle"]
[Result "1-0"]
[ECO "B00"]
[WhiteElo "2032"]
[BlackElo "1676"]
[PlyCount "73"]
[EventDate "2019.04.25"]
[EventType "swiss"]
[EventRounds "9"]
[EventCountry "LBN"]
[TimeControl "5400+30"]

1. e4 b6 2. d4 Bb7 3. Bd3 g6 4. Nf3 Bg7 5. O-O d6 6. c3 e6 7. Re1 Nd7 8. Nbd2 Ne7 9. Nf1 O-O 10. Be3 h6 11. Qd2 Kh7 12. h4 Nf6 13. Qc2 Ng4 14. Bf4 f5 15. exf5 exf5 16. N1d2 Nd5 17. Bg3 Kh8 18. a3 Ndf6 19. c4 Nh5 20. Re6 Ngf6 21. Bh2 Re8 22. Rxe8+ Qxe8 23. Re1 Qf7 24. c5 dxc5 25. Ne5 Qd5 26. Nxg6+ Kh7 27. Nf3 Kxg6 28. Bc4 Qe4 29. Rxe4 Bxe4 30. Ne5+ Kh7 31. Bd3 cxd4 32. f3 Bxd3 33. Qxd3 c5 34. Qxf5+ Kg8 35. g4 Nxg4 36. Nxg4 d3 37. Qd5+ 1-0

[Event "10th Beirut Open-ch 2019"]
[Site "Beirut"]
[Date "2019.04.27"]
[Round "3.13"]
[White "Terzian, Kevork"]
[Black "Asmar, Elie"]
[Result "0-1"]
[ECO "A05"]
[WhiteElo "1731"]
[BlackElo "2009"]
[PlyCount "58"]
[EventDate "2019.04.25"]
[EventType "swiss"]
[EventRounds "9"]
[EventCountry "LBN"]
[TimeControl "5400+30"]

1. Nf3 Nf6 2. d3 c5 3. e4 d6 4. g3 Nc6 5. Bg2 g6 6. c3 Bg7 7. O-O O-O 8. Nbd2 Rb8 9. a4 a6 10. Ne1 b5 11. axb5 axb5 12. f4 Ng4 13. Qe2 b4 14. Nb1 bxc3 15. bxc3 Nd4 16. Qd1 Nb3 17. Ra3 c4 18. d4 Nxd4 19. cxd4 Rxb1 20. Rc3 Qb6 21. Nc2 e5 22. fxe5 dxe5 23. Rcf3 exd4 24. Na3 Rb4 25. h3 Ne5 26. R3f2 Be6 27. Bf4 d3 28. Kh2 Ra8 29. Nb1 Ra1 0-1

[Event "10th Beirut Open-ch 2019"]
[Site "Beirut"]
[Date "2019.04.27"]
[Round "3.15"]
[White "Hanna, Elie"]
[Black "Hariri, Nizar"]
[Result "0-1"]
[ECO "B06"]
[WhiteElo "1726"]
[BlackElo "1958"]
[PlyCount "72"]
[EventDate "2019.04.25"]
[EventType "swiss"]
[EventRounds "9"]
[EventCountry "LBN"]
[TimeControl "5400+30"]

1. e4 g6 2. d4 Bg7 3. f4 d6 4. Nf3 Nd7 5. Bc4 e6 6. f5 Nb6 7. Bd3 exf5 8. exf5 Ne7 9. Qe2 O-O 10. fxg6 hxg6 11. O-O Bf5 12. Bg5 Bxd3 13. Qxd3 Qd7 14. Nh4 Rae8 15. Nc3 Qg4 16. Nf3 Nc6 17. Ne2 Qe4 18. Qxe4 Rxe4 19. Rae1 Rfe8 20. Kf2 f6 21. Bd2 Nc4 22. Bc3 Ne3 23. Ng3 R4e7 24. Rh1 Nxc2 25. Rc1 N2b4 26. Rcd1 Nd5 27. Bd2 f5 28. Bg5 Bf6 29. h4 f4 30. Nf1 Re2+ 31. Kg1 Rxb2 32. h5 Ree2 33. N1d2 Bxg5 34. hxg6 Ne3 35. Rh2 Bf6 36. Rh7 Nxd1 0-1

[Event "10th Beirut Open-ch 2019"]
[Site "Beirut"]
[Date "2019.04.27"]
[Round "3.16"]
[White "Kaloust, Giorgio"]
[Black "Salman, Samer"]
[Result "1-0"]
[ECO "E61"]
[WhiteElo "1919"]
[BlackElo "1505"]
[PlyCount "71"]
[EventDate "2019.04.25"]
[EventType "swiss"]
[EventRounds "9"]
[EventCountry "LBN"]
[TimeControl "5400+30"]

1. d4 Nf6 2. c4 g6 3. Nc3 Bg7 4. Nf3 O-O 5. Bf4 d6 6. e3 c5 7. Be2 Nbd7 8. h3 cxd4 9. exd4 b6 10. O-O Bb7 11. d5 Nc5 12. Qc2 Bc8 13. Rad1 Bf5 14. Qc1 Re8 15. Nd4 Bd7 16. Bf3 Qc7 17. Rfe1 Rad8 18. Ncb5 Qb8 19. b4 Na6 20. Qa3 Qc8 21. Rc1 Nh5 22. Bxh5 Bxd4 23. Nxd4 gxh5 24. Re3 Kh8 25. b5 Nc7 26. Ree1 a5 27. Qf3 Rg8 28. Kh2 e5 29. dxe6 Bxe6 30. Nc6 Rd7 31. Qc3+ Rg7 32. Bh6 Ne8 33. Bxg7+ Nxg7 34. Re3 Bf5 35. Ne7 Qc5 36. Nxf5 1-0